MLB
ARIZONA DIAMONDBACKS @ SAN FRANCISCO GIANTS
09/23/2020
 
TOP OF THE 1ST
Arizona Diamondbacks batting - Pitching for San Francisco Giants : RHP DJ Myers
Pitching: RHP DJ Myers
Batting: RHB Ramon Laureano 0-0: Fly out, F8 (Flyball, 8LXD, EV 86.9 MPH)
Batting: LHB Raimel Tapia 0-0: Ball
1-0: Called Strike
1-1: Ball
2-1: Foul Ball, location: 2F
2-2: Foul Ball, location: 2F
2-2: Ball
3-2: Foul Ball, location: 2F
3-2: Base on Balls
Batting: RHB Gleyber Torres 0-0: Ball
1-0: Ball
2-0: Called Strike
2-1: Ball
3-1: Called Strike
3-2: SINGLE (Flyball, 78S, EV 96.3 MPH)
Raimel Tapia to second
Raimel Tapia to third
Batting: RHB Fernando Tatis Jr. 0-0: Ball
1-0: Called Strike
1-1: Swinging Strike
1-2: Ball
Wild Pitch!
Raimel Tapia scores
Gleyber Torres to second
2-2: Ball
3-2: Foul Ball, location: 2F
3-2: Hit by Pitch
Pinch Runner at 1st Christian Walker:
Batting: LHB Ryan McMahon 0-0: Called Strike
0-1: Called Strike
0-2: Ball
1-2: Ball
2-2: Ball
3-2: Foul Ball, location: 2F
3-2: Foul Ball, location: 2F
3-2: Foul Ball, location: 2F
3-2: Foul Ball, location: 2F
3-2: Base on Balls
Gleyber Torres to third
Christian Walker to second
Batting: RHB Anthony Rendon 0-0: Fielders Choice at 2nd, 5-4 (Groundball, 56, EV 86.9 MPH)
Gleyber Torres scores
Christian Walker to third
Batting: SHB Francisco Mejia 0-0: Ball
1-0: Fly out, F8 (Flyball, 89M, EV 93.1 MPH)
Top of the 1st over - 2 runs, 1 hit, 0 errors, 2 left on base; Arizona 2 - San Francisco 0
BOTTOM OF THE 1ST
San Francisco Giants batting - Pitching for Arizona Diamondbacks : RHP Masahiro Tanaka
Pitching: RHP Masahiro Tanaka
Now at SS: Thairo Estrada
Batting: RHB Myles Straw 0-0: Fly out, F8 (Flyball, 8RS, EV 95.0 MPH)
Batting: RHB Kevin Padlo 0-0: Ball
1-0: Ball
2-0: Ball
3-0: Called Strike
3-1: DOUBLE (Groundball, 5L, EV 105.0 MPH)
Batting: LHB Rougned Odor 0-0: Ground out 4-3 (Groundball, 4, EV 83.8 MPH)
Kevin Padlo to third
Batting: RHB Tim Anderson 0-0: Swinging Strike
0-1: Foul Ball, location: 2F
0-2: Ball
1-2: Ball
2-2: Ground out 4-3 (Groundball, 4, EV 78.1 MPH)
Bottom of the 1st over - 0 runs, 1 hit, 0 errors, 1 left on base; Arizona 2 - San Francisco 0
TOP OF THE 2ND
Arizona Diamondbacks batting - Pitching for San Francisco Giants : RHP DJ Myers
Batting: LHB Socrates Brito 0-0: Ball
1-0: Foul Ball, location: 2F
1-1: Reached on error, E3 (Groundball, 3, EV 84.4 MPH)
Batting: RHB Masahiro Tanaka 0-0: Ball
1-0: Sac Bunt to 2L - play at second, runner OUT! 2-6
Batting: RHB Ramon Laureano 0-0: Called Strike
0-1: Ball
1-1: SINGLE (Groundball, 6M, EV 100.0 MPH) (infield hit)
Masahiro Tanaka to second
Batting: LHB Raimel Tapia 0-0: Foul Ball, location: 2F
0-1: Called Strike
0-2: Strikes out swinging
Batting: RHB Gleyber Torres 0-0: Ball
1-0: Called Strike
1-1: Foul Ball, location: 2F
1-2: Foul Ball, location: 2F
1-2: Foul Ball, location: 2F
1-2: SINGLE (Groundball, 6MS, EV 68.8 MPH) (infield hit)
Masahiro Tanaka to third
Ramon Laureano to second
Batting: RHB Thairo Estrada 0-0: Foul Ball, location: 2F
0-1: Called Strike
0-2: Ball
1-2: SINGLE (Line Drive, 9LS, EV 105.0 MPH)
Masahiro Tanaka scores
Ramon Laureano to third
Gleyber Torres to second
Batting: LHB Ryan McMahon 0-0: SINGLE (Line Drive, 6MD, EV 98.1 MPH)
Ramon Laureano scores
Gleyber Torres to third
Thairo Estrada to second
Runner from 3rd tries for Home, SAFE, throw by CF to trailing runner, SAFE at third!
Batting: RHB Anthony Rendon 0-0: Called Strike
0-1: Ball
1-1: Called Strike
1-2: Ball
2-2: Strikes out swinging, 2-3 out at first.
Top of the 2nd over - 3 runs, 4 hits, 1 error, 2 left on base; Arizona 5 - San Francisco 0
BOTTOM OF THE 2ND
San Francisco Giants batting - Pitching for Arizona Diamondbacks : RHP Masahiro Tanaka
Batting: LHB Ryan Schimpf 0-0: Called Strike
0-1: DOUBLE (Line Drive, 9LM, EV 108.1 MPH)
Batting: RHB Austin Slater 0-0: Ball
1-0: SINGLE (Line Drive, 7S, EV 104.4 MPH)
Ryan Schimpf to third
Batting: LHB Steven Duggar 0-0: Ball
1-0: Ball
2-0: Called Strike
2-1: Called Strike
2-2: Strikes out swinging
Batting: SHB Jonah Heim 0-0: Ball
1-0: Fielders Choice at 2nd, 3-6 (Groundball, 34, EV 99.4 MPH)
Ryan Schimpf scores
Batting: LHB DJ Myers 0-0: Ball
1-0: Called Strike
1-1: Foul Ball, location: 2F
1-2: Ball
2-2: Foul Ball, location: 2F
2-2: Strikes out swinging
Bottom of the 2nd over - 1 run, 2 hits, 0 errors, 1 left on base; Arizona 5 - San Francisco 1
TOP OF THE 3RD
Arizona Diamondbacks batting - Pitching for San Francisco Giants : RHP DJ Myers
Batting: SHB Francisco Mejia 0-0: Ball
1-0: Swinging Strike
1-1: Fly out, F9 (Line Drive, 9, EV 103.8 MPH)
Batting: LHB Socrates Brito 0-0: Fly out, F7 (Flyball, 7LM, EV 89.4 MPH)
Batting: RHB Masahiro Tanaka 0-0: Swinging Strike
0-1: Ball
1-1: Ball
2-1: Ball
3-1: Called Strike
3-2: Fly out, F9 (Flyball, 9, EV 84.4 MPH)
Top of the 3rd over - 0 runs, 0 hits, 0 errors, 0 left on base; Arizona 5 - San Francisco 1
BOTTOM OF THE 3RD
San Francisco Giants batting - Pitching for Arizona Diamondbacks : RHP Masahiro Tanaka
Batting: RHB Myles Straw 0-0: Ball
1-0: Ball
2-0: Called Strike
2-1: Foul Ball, location: 2F
2-2: Ball
3-2: Fly out, F9 (Flyball, 9LM, EV 87.5 MPH)
Batting: RHB Kevin Padlo 0-0: Ball
1-0: Called Strike
1-1: Ground out 6-3 (Groundball, 6, EV 86.3 MPH)
Batting: LHB Rougned Odor 0-0: Ball
1-0: Ball
2-0: SINGLE (Groundball, 3D, EV 105.0 MPH)
Batting: RHB Tim Anderson 0-0: Ball
1-0: Called Strike
1-1: Ball
2-1: Ball
3-1: SINGLE (Groundball, 56D, EV 96.9 MPH)
Rougned Odor to second
Batting: LHB Ryan Schimpf 0-0: Ball
1-0: Foul Ball, location: 2F
1-1: Foul Ball, location: 2F
1-2: Ball
2-2: Ball
3-2: Base on Balls
Rougned Odor to third
Tim Anderson to second
Batting: RHB Austin Slater 0-0: Called Strike
0-1: Swinging Strike
0-2: Foul Ball, location: 2F
0-2: Strikes out looking
Bottom of the 3rd over - 0 runs, 2 hits, 0 errors, 3 left on base; Arizona 5 - San Francisco 1
TOP OF THE 4TH
Arizona Diamondbacks batting - Pitching for San Francisco Giants : RHP DJ Myers
Batting: RHB Ramon Laureano 0-0: Swinging Strike
0-1: Ball
1-1: Ball
2-1: Foul Ball, location: 2F
2-2: Strikes out swinging
Batting: LHB Raimel Tapia 0-0: Foul Ball, location: 2F
0-1: SOLO HOME RUN (Flyball, 9D, EV 89.4 MPH), Distance : 379 ft
Pitching: RHP Drew Carlton
Batting: RHB Gleyber Torres 0-0: Ball
1-0: Swinging Strike
1-1: Called Strike
1-2: Strikes out swinging
Batting: RHB Thairo Estrada 0-0: Foul Ball, location: 2F
0-1: Ball
1-1: Swinging Strike
1-2: Fly out, F9 (Flyball, 9, EV 88.8 MPH)
Top of the 4th over - 1 run, 1 hit, 0 errors, 0 left on base; Arizona 6 - San Francisco 1
BOTTOM OF THE 4TH
San Francisco Giants batting - Pitching for Arizona Diamondbacks : RHP Masahiro Tanaka
Batting: LHB Steven Duggar 0-0: Ball
1-0: Ball
2-0: Called Strike
2-1: Called Strike
2-2: Ball
3-2: Ground out U3 (Groundball, 3, EV 110.6 MPH)
Batting: SHB Jonah Heim 0-0: Ball
1-0: Ball
2-0: Foul Ball, location: 2F
2-1: Ground out 3-1 (Groundball, 34, EV 86.9 MPH)
Batting: RHB Drew Carlton 0-0: Ball
1-0: Foul Ball, location: 2F
1-1: Foul Ball, location: 2F
1-2: Ball
2-2: Fly out, F3 (Popup, 3SF, EV 83.8 MPH)
Bottom of the 4th over - 0 runs, 0 hits, 0 errors, 0 left on base; Arizona 6 - San Francisco 1
TOP OF THE 5TH
Arizona Diamondbacks batting - Pitching for San Francisco Giants : RHP Drew Carlton
Batting: LHB Ryan McMahon 0-0: Ball
1-0: Foul Ball, location: 2F
1-1: Swinging Strike
1-2: Foul Ball, location: 2F
1-2: Ball
2-2: SINGLE (Line Drive, 4D, EV 98.1 MPH)
Batting: RHB Anthony Rendon 0-0: Ball
1-0: SINGLE (Line Drive, 7S, EV 101.3 MPH)
Ryan McMahon to second
Batting: SHB Francisco Mejia 0-0: Grounds into double play, 6-4-3 (Groundball, 6, EV 108.1 MPH)
Ryan McMahon to third
Batting: LHB Socrates Brito 0-0: Intentional Walk
Batting: RHB Masahiro Tanaka 0-0: Foul Ball, location: 2F
0-1: Ball
1-1: Foul Ball, location: 2F
1-2: Strikes out swinging
Top of the 5th over - 0 runs, 2 hits, 0 errors, 2 left on base; Arizona 6 - San Francisco 1
BOTTOM OF THE 5TH
San Francisco Giants batting - Pitching for Arizona Diamondbacks : RHP Masahiro Tanaka
Batting: RHB Myles Straw 0-0: Ball
1-0: Ball
2-0: Foul Ball, location: 2F
2-1: Foul Ball, location: 2F
2-2: Ball
3-2: SINGLE (Line Drive, 89S, EV 100.6 MPH)
Batting: RHB Kevin Padlo 0-0: Called Strike
0-1: Foul Ball, location: 2F
0-2: Ball
Myles Straw steals 2nd base
1-2: Foul Ball, location: 2F
1-2: SINGLE (Flyball, 7S, EV 90.0 MPH)
Myles Straw to third
Batting: LHB Rougned Odor 0-0: Ball
1-0: Ball
2-0: Ball
3-0: Called Strike
3-1: Called Strike
3-2: Foul Ball, location: 2F
3-2: Strikes out swinging
Batting: RHB Tim Anderson 0-0: Swinging Strike
0-1: Ball
1-1: Fly out, F4 (Line Drive, 4, EV 65.0 MPH)
Batting: LHB Ryan Schimpf 0-0: Ball
1-0: Ball
2-0: Called Strike
2-1: Swinging Strike
2-2: Strikes out swinging
Bottom of the 5th over - 0 runs, 2 hits, 0 errors, 2 left on base; Arizona 6 - San Francisco 1
TOP OF THE 6TH
Arizona Diamondbacks batting - Pitching for San Francisco Giants : RHP Drew Carlton
Batting: RHB Ramon Laureano 0-0: Called Strike
0-1: Ball
1-1: Foul Ball, location: 2F
1-2: Ball
2-2: Strikes out swinging
Batting: LHB Raimel Tapia 0-0: Fly out, F8 (Flyball, 89D, EV 85.6 MPH)
Batting: RHB Gleyber Torres 0-0: SINGLE (Line Drive, 7S, EV 105.0 MPH)
Batting: RHB Thairo Estrada 0-0: Hit by Pitch
Gleyber Torres to second
Batting: LHB Ryan McMahon 0-0: SINGLE (Groundball, 3D, EV 104.4 MPH)
Gleyber Torres to third
Thairo Estrada to second
Batting: RHB Anthony Rendon 0-0: Called Strike
0-1: Hit by Pitch
Gleyber Torres scores
Thairo Estrada to third
Ryan McMahon to second
Batting: SHB Francisco Mejia 0-0: Called Strike
0-1: Foul Ball, location: 2F
0-2: Ball
1-2: Ball
2-2: Ball
3-2: Ground out 6-3 (Groundball, 6, EV 98.8 MPH)
Top of the 6th over - 1 run, 2 hits, 0 errors, 3 left on base; Arizona 7 - San Francisco 1
BOTTOM OF THE 6TH
San Francisco Giants batting - Pitching for Arizona Diamondbacks : RHP Masahiro Tanaka
Pitching: RHP Jakob Junis
Batting: RHB Austin Slater 0-0: Swinging Strike
0-1: Ground out 6-3 (Groundball, 6, EV 83.1 MPH)
Batting: LHB Steven Duggar 0-0: Ball
1-0: Foul Ball, location: 2F
1-1: Ball
2-1: Swinging Strike
2-2: Ball
3-2: Base on Balls
Batting: SHB Jonah Heim 0-0: Ball
Steven Duggar steals 2nd base
1-0: Fly out, F9 (Flyball, 89S, EV 90.6 MPH)
Pinch Hitting: SHB Dexter Fowler 0-0: Foul Ball, location: 2F
0-1: Called Strike
0-2: Strikes out swinging
Bottom of the 6th over - 0 runs, 0 hits, 0 errors, 1 left on base; Arizona 7 - San Francisco 1
TOP OF THE 7TH
Arizona Diamondbacks batting - Pitching for San Francisco Giants : RHP Drew Carlton
Pitching: RHP Codi Heuer
Batting: LHB Socrates Brito 0-0: SINGLE (Line Drive, 34D, EV 96.3 MPH)
Pinch Hitting: LHB Josh Reddick 0-0: Ball
1-0: SINGLE (Groundball, 56D, EV 99.4 MPH)
Socrates Brito to second
Batting: RHB Ramon Laureano 0-0: Ball
Wild Pitch!
Socrates Brito to third
Josh Reddick to second
1-0: Fly out, F7 (Line Drive, 7D, EV 84.4 MPH)
Runner from 3rd tags up, SCORES, throw by LF
Josh Reddick to third
Pinch Hitting: LHB Tyler Wade 0-0: Ball
1-0: Called Strike
1-1: SINGLE (Line Drive, 4D, EV 95.6 MPH)
Josh Reddick scores
Pinch Hitting: RHB Zack Short 0-0: SINGLE (Line Drive, 4D, EV 96.9 MPH)
Tyler Wade to second
Batting: RHB Thairo Estrada 0-0: Called Strike
0-1: Ball
1-1: Ball
Wild Pitch!
Tyler Wade to third
Zack Short to second
2-1: Swinging Strike
2-2: Strikes out swinging
Batting: LHB Ryan McMahon 0-0: Called Strike
0-1: Fly out, F8 (Line Drive, 8RM, EV 102.5 MPH)
Top of the 7th over - 2 runs, 4 hits, 0 errors, 2 left on base; Arizona 9 - San Francisco 1
BOTTOM OF THE 7TH
San Francisco Giants batting - Pitching for Arizona Diamondbacks : RHP Jakob Junis
Pitching: RHP Austin Voth
Now at 2B: Tyler Wade
Now in LF: Josh Reddick
Batting: RHB Myles Straw 0-0: Ball
1-0: Foul Ball, location: 2F
1-1: Ball
2-1: TRIPLE (Flyball, 78XD, EV 101.9 MPH)
Pinch Hitting: LHB Justin Williams 0-0: Foul Ball, location: 2F
0-1: Swinging Strike
0-2: Ball
1-2: Foul Ball, location: 2F
1-2: Strikes out swinging
Batting: LHB Rougned Odor 0-0: Called Strike
0-1: Called Strike
0-2: Ball
1-2: Strikes out swinging
Batting: RHB Tim Anderson 0-0: Called Strike
0-1: Ball
1-1: Foul Ball, location: 2F
1-2: Ball
2-2: Foul Ball, location: 2F
2-2: Strikes out swinging, 2-3 out at first.
Bottom of the 7th over - 0 runs, 1 hit, 0 errors, 1 left on base; Arizona 9 - San Francisco 1
TOP OF THE 8TH
Arizona Diamondbacks batting - Pitching for San Francisco Giants : RHP Codi Heuer
Now at 1B: Abraham Toro
Batting: RHB Anthony Rendon 0-0: Ball
1-0: Foul Ball, location: 2F
1-1: Ball
2-1: Called Strike
2-2: Foul Ball, location: 2F
2-2: Ground out 6-3 (Groundball, 6, EV 83.1 MPH)
Batting: SHB Francisco Mejia 0-0: DOUBLE (Line Drive, 8LD, EV 90.6 MPH)
Batting: LHB Socrates Brito 0-0: Ball
1-0: 2-RUN HOME RUN (Flyball, 9D, EV 105.6 MPH), Distance : 383 ft
Batting: LHB Josh Reddick 0-0: Fly out, F8 (Flyball, 8LD, EV 106.3 MPH)
Batting: RHB Ramon Laureano 0-0: Called Strike
0-1: Called Strike
0-2: Ball
1-2: Strikes out swinging
Top of the 8th over - 2 runs, 2 hits, 0 errors, 0 left on base; Arizona 11 - San Francisco 1
BOTTOM OF THE 8TH
San Francisco Giants batting - Pitching for Arizona Diamondbacks : RHP Austin Voth
Batting: LHB Ryan Schimpf 0-0: Called Strike
0-1: Foul Ball, location: 2F
0-2: Ball
1-2: Strikes out looking
Batting: RHB Austin Slater 0-0: Ball
1-0: Called Strike
1-1: Ball
2-1: Foul Ball, location: 2F
2-2: SOLO HOME RUN (Flyball, 7D, EV 101.9 MPH), Distance : 384 ft
Batting: LHB Steven Duggar 0-0: Ball
1-0: Foul Ball, location: 2F
1-1: Foul Ball, location: 2F
1-2: Foul Ball, location: 2F
1-2: Ball
2-2: DOUBLE (Line Drive, 7LS, EV 101.3 MPH)
Batting: SHB Jonah Heim 0-0: Swinging Strike
0-1: Ball
1-1: Swinging Strike
1-2: Foul Ball, location: 2F
1-2: Ball
2-2: Strikes out swinging
Pinch Hitting: LHB Cavan Biggio 0-0: Called Strike
0-1: Ball
1-1: Ball
2-1: Swinging Strike
2-2: Strikes out looking
Bottom of the 8th over - 1 run, 2 hits, 0 errors, 1 left on base; Arizona 11 - San Francisco 2
TOP OF THE 9TH
Arizona Diamondbacks batting - Pitching for San Francisco Giants : RHP Codi Heuer
Pitching: RHP Brooks Kriske
Batting: LHB Tyler Wade 0-0: Ball
1-0: Ball
2-0: Ball
3-0: Base on Balls
Pinch Hitting: LHB Jake Cave 0-0: Ball
1-0: Called Strike
1-1: Swinging Strike
1-2: Strikes out looking
Batting: RHB Thairo Estrada 0-0: Called Strike
0-1: Foul Ball, location: 2F
0-2: Foul Ball, location: 2F
0-2: Ball
1-2: Foul Ball, location: 2F
1-2: Fly out, F4 (Flyball, 34D, EV 92.5 MPH)
Batting: LHB Ryan McMahon 0-0: Called Strike
0-1: Ball
1-1: Called Strike
1-2: Ball
2-2: Strikes out swinging
Top of the 9th over - 0 runs, 0 hits, 0 errors, 1 left on base; Arizona 11 - San Francisco 2
BOTTOM OF THE 9TH
San Francisco Giants batting - Pitching for Arizona Diamondbacks : RHP Austin Voth
Pitching: RHP Freddy Peralta
Batting: RHB Myles Straw 0-0: Ball
1-0: Ball
2-0: Swinging Strike
2-1: Ball
3-1: Base on Balls
Batting: SHB Abraham Toro 0-0: Ball
1-0: Ball
2-0: Ball
3-0: Grounds into double play, 4-6-3 (Groundball, 34, EV 75.6 MPH)
Batting: LHB Rougned Odor 0-0: Called Strike
0-1: Ball
1-1: Foul Ball, location: 2F
1-2: Ground out 6-3 (Groundball, 4M, EV 97.5 MPH)
Bottom of the 9th over - 0 runs, 0 hits, 0 errors, 0 left on base; Arizona 11 - San Francisco 2
Monday, November 30th, 2020 - OOTP Baseball 21.6 Build 83